 Dungeon Crawl Stone Soup version 0.20-a0-1126-g0f15420 (webtiles) character file.

429 JiminyMac the Chopper (level 6, -1/56 HPs)
             Began as a Minotaur Berserker on May 17, 2017.
             Was a Priest of Trog.
             Slain by Pikel
             ... wielding a +1 whip of electrocution
              (6 damage)
             ... on level 4 of the Dungeon.
             The game lasted 00:06:08 (2290 turns).

JiminyMac the Chopper (Minotaur Berserker)          Turns: 2290, Time: 00:06:09

Health: -1/56      AC:  9    Str: 23    XL:     6   Next: 66%
Magic:  5/5        EV:  9    Int:  4    God:    Trog [***...]
Gold:   23         SH:  5    Dex: 10    Spells: 5/5 levels left

rFire    . . .     SeeInvis .   a - +0 hand axe
rCold    . . .     Gourm    .   (no shield)
rNeg     . . .     Faith    .   v - +0 chain mail
rPois    .         Spirit   .   (helmet restricted)
rElec    .         Reflect  +   (no cloak)
rCorr    .         Harm     .   (no gloves)
MR       .....                  (no boots)
Stlth    ..........             u - +5 amulet of reflection
Regen    0.2/turn               (no ring)
MPRegen  0.1/turn               (no ring)

@: slowed, very slow
A: retaliatory headbutt, horns 2
a: Berserk, Trog's Hand, Burn Spellbooks, Renounce Religion


You were on level 4 of the Dungeon.
You worshipped Trog.
Trog was most pleased with you.
You were hungry.

You visited 1 branch of the dungeon, and saw 4 of its levels.

You collected 135 gold pieces.
You spent 112 gold pieces at shops.

Inventory:

Hand Weapons
 a - a +0 hand axe (weapon)
Armour
 v - a +0 chain mail (worn)
Jewellery
 u - a +5 amulet of reflection (around neck)
Scrolls
 b - 4 scrolls of remove curse {unknown}
 d - a scroll of magic mapping {unknown}
 e - a scroll of identify {unknown}
 i - a scroll of recharging {unknown}
 l - a scroll of random uselessness {unknown}
 o - a scroll of enchant weapon {unknown}
 s - a scroll of fog {unknown}
Potions
 g - a potion of curing
 h - a potion of brilliance {unknown}
 j - a potion of might {unknown}
 k - a potion of resistance {unknown}
 m - 3 potions of heal wounds
 p - a potion of degeneration {unknown}
 q - a potion of flight {unknown}
 r - a potion of agility {unknown}
 t - a potion of haste {unknown}
 w - a potion of lignification {unknown}
Books
 x - a book of Minor Magic

   Spells                             Type                      Level
   a - Magic Dart                     Conjuration                  1
   b - Blink                          Translocation                2
   c - Call Imp                       Summoning                    2
   d - Slow                           Hexes                        2
   e - Conjure Flame                  Conjuration/Fire             3
   f - Mephitic Cloud                 Conjuration/Poison/Air       3
   Trog disapproves of the use of such an item.
Comestibles
 c - 2 bread rations
 f - 5 fruits
 n - 2 chunks of flesh


   Skills:
 + Level 5.4 Fighting
 * Level 7.0 Axes
 + Level 4.7 Armour
 - Level 2.1 Dodging


You had 5 spell levels left.
You didn't know any spells.

Dungeon Overview and Level Annotations

Branches:
Dungeon (4/15)             Temple (0/1) D:4

Altars:
Hepliaklqana
Trog
Uskayaw
The Shining One

Shops:
D:4 !

Annotations:
D:4 Pikel


Innate Abilities, Weirdness & Mutations

You reflexively headbutt those who attack you in melee.
You have a pair of horns on your head.


Message History

You are no longer berserk.
You are exhausted.
You feel yourself slow down. The slave closely misses you.
You furiously retaliate!
You headbutt the slave. You block Pikel's attack.
Found a scroll labeled GUAVVI IDGHU and a metallic golden potion.
You see here a short sword.
You closely miss Pikel.
You hit the slave. x2; You block the slave's attack. x2
Pikel hits you but does no damage.
You are electrocuted!
The orc barely misses you. The slave barely misses you.
You furiously retaliate!
You headbutt the slave. You closely miss Pikel. You barely miss the slave.
Your chain mail prevents you from hitting the slave.
The slave misses you. You furiously retaliate!
You headbutt the slave. Pikel hits you but does no damage.
You are electrocuted!
* * * LOW HITPOINT WARNING * * *
The orc closely misses you. The slave hits you but does no damage.
The slave hits you.
* * * LOW HITPOINT WARNING * * *
Pikel hits you with a whip of electrocution.
You die...

.< #.... ...#.#...#
#.#.. .......#..
#.#.# ...⌠.!.#/#
#.#.#.# .......#.#
#.#.#.# .⌠.>.⌠.#.#
#.#.#.#
......o#.######'#.#.#
?..⌠.op#p...........#
.....oK@[...........#
.....####...........#
### +...........####
#..........>)...
#...........###.
#...........# #.
#...........# #.
......[...... #.
..##.......###


You could see Pikel, 2 slaves and 3 orcs.

Vanquished Creatures
  The ghost of fataardvark the Shooter, an amateur CeHu (D:3)
  2 slaves (D:4)
  An ogre (D:4)
  An orc priest (D:4)
  A bullfrog skeleton (D:4)
  Terence (D:2)
  Natasha (D:4)
  Robin (D:4)
  3 adders
  An ooze (D:2)
  A worm (D:3)
  2 leopard geckos (D:2)
  2 giant cockroaches
  17 goblins
  7 hobgoblins
  5 jackals
  6 kobolds
  2 quokkas
  2 bats (D:2)
  3 frilled lizards
  8 rats
68 creatures vanquished.

Notes
Turn   | Place    | Note
-------+----------+-------------------------------------------
     0 | D:1      | JiminyMac the Minotaur Berserker began the quest for the Orb.
     0 | D:1      | Reached XP level 1. HP: 19/19 MP: 0/0
   362 | D:1      | Reached skill level 4 in Axes
   496 | D:1      | Reached XP level 2. HP: 24/27 MP: 1/1
   919 | D:2      | Found a hide-covered altar of Uskayaw.
   996 | D:2      | Noticed Terence
   998 | D:2      | Reached ** piety under Trog
  1002 | D:2      | Killed Terence
  1002 | D:2      | Reached XP level 3. HP: 33/33 MP: 2/2
  1312 | D:2      | Reached XP level 4. HP: 37/40 MP: 3/3
  1346 | D:2      | Reached skill level 5 in Axes
  1784 | D:3      | Found a bloodstained altar of Trog.
  1786 | D:3      | Noticed fataardvark's ghost (amateur CeHu)
  1793 | D:3      | Killed fataardvark's ghost
  1793 | D:3      | Reached skill level 5 in Fighting
  1793 | D:3      | Reached skill level 6 in Axes
  1793 | D:3      | Reached XP level 5. HP: 48/48 MP: 4/4
  2013 | D:3      | Found a glowing golden altar of the Shining One.
  2018 | D:3      | Found a hazy altar of Hepliaklqana.
  2044 | D:4      | Noticed Robin
  2050 | D:4      | Killed Robin
  2068 | D:4      | Found Ullyemat's Distillery.
  2093 | D:4      | Reached *** piety under Trog
  2093 | D:4      | Reached XP level 6. HP: 40/56 MP: 5/5
  2165 | D:4      | Bought a potion of curing for 42 gold pieces
  2165 | D:4      | Bought a potion of heal wounds for 70 gold pieces
  2268 | D:4      | Noticed Natasha
  2272 | D:4      | Noticed a slave
  2273 | D:4      | Noticed a slave
  2276 | D:4      | Noticed a slave
  2278 | D:4      | Killed Natasha
  2281 | D:4      | Noticed Pikel
  2281 | D:4      | Killed a slave
  2282 | D:4      | Noticed a slave
  2284 | D:4      | Killed a slave
  2285 | D:4      | Found a staircase to the Ecumenical Temple.
  2287 | D:4      | Reached skill level 7 in Axes
  2290 | D:4      | Slain by Pikel

Vault maps used:
D:1:      minmay_arrival_glassed_features
D:2:      minmay_diamond_boxcup, nicolae_overflow_hidden_temple, uniq_terence
D:3:      bloody_trog, grunt_temple_overflow_open
D:4:      kennysheep_mini, lemuel_crystal_altar, okawaru_altar_gauntlet_db,
          temple_fountains, serial_shops, nicolae_shop_stone, first_bread,
          uniq_edmund, uniq_natasha, uniq_pikel, uniq_robin

Skill      XL: |  1  2  3  4  5  6 |
---------------+-------------------+-----
Axes           | 4 6 7 |  7.0
Fighting       | 4 5 |  5.4
Armour         | 3 4 |  4.7
Dodging        | |  2.1

Action                   |  1- 3 |  4- 6 || total
-------------------------+-------+-------++-------
Melee: Hand axe          |    72 |    79 ||   151
       Headbutt          |     8 |    15 ||    23
Invok: Berserk           |     1 |     4 ||     5
  Eat: Chunk             |     2 |     6 ||     8
Armor: Ring mail         |    19 |    15 ||    34
       Chain mail        |       |    15 ||    15
Dodge: Dodged            |    31 |    39 ||    70
Block: Other             |       |     7 ||     7
